 Dungeon Crawl Stone Soup version 0.26-a0-597-gb535b0901c (webtiles) character file.

Game seed: 17104610019177733463

4 Lanoc the Sneak (level 1, -1/14 HPs)
             Began as a Gargoyle Delver on Sept 13, 2020.
             Slain by an adder (3 damage)
             ... on level 4 of the Dungeon.
             The game lasted 00:01:24 (203 turns).

Lanoc the Sneak (Gargoyle Delver)                    Turns: 203, Time: 00:01:25

Health: -1/14      AC:  5    Str: 15    XL:     1   Next: 70%
Magic:  1/1        EV: 12    Int: 10    God:
Gold:   8          SH:  0    Dex: 11    Spells: 0/0 levels left

rFire    . . .     SeeInvis .   h - +0 whip (curse)
rCold    . . .     Faith    .   (no shield)
rNeg     + . .     Spirit   .   b - +0 leather armour
rPois    ∞         Reflect  .   (no helmet)
rElec    +         Harm     .   (no cloak)
rCorr    .                      (no gloves)
MR       .....                  (no boots)
Stlth    +++.......             (no amulet)
HPRegen  0.04/turn              (no ring)
MPRegen  0.07/turn              (no ring)

@: no status effects
A: negative energy resistance 1, electricity resistance, unbreathing,
petrification resistance, rot immunity, AC +2
a: no special abilities


You were on level 4 of the Dungeon.
You visited 1 branch of the dungeon, and saw 3 of its levels.

You collected 8 gold pieces.

Inventory:

Hand Weapons
 h - a cursed +0 whip (weapon)
Armour
 b - a +0 leather armour (worn)
Wands
 g - a wand of digging (3)
Scrolls
 c - a scroll of fog
 e - a scroll of fear
 i - a scroll of amnesia {unknown}
Potions
 a - a potion of flight {unknown}
 f - a potion of haste


   Skills:
 + Level 3.5 Fighting
 - Level 2.0 Maces & Flails
 + Level 1.8 Dodging
 - Level 5.4 Stealth


You couldn't memorise any spells.
You didn't know any spells.
Your spell library was empty.

Dungeon Overview and Level Annotations

Branches:
Dungeon (5/15)             Temple (0/1) D:4

Altars:


Innate Abilities, Weirdness & Mutations

You are resistant to torment.
Your stone body is resilient. (AC +2)
You are immune to poison.
You resist negative energy. (rN+)
You are resistant to electric shocks. (rElec)
You can survive without breathing.
You are immune to petrification.
You are immune to rotting.


Message History

The adder bites you.
* * * LOW HITPOINT WARNING * * *
The adder bites you but does no damage.
You closely miss the adder.
The adder is heavily wounded.
The adder barely misses you.
You barely miss the adder.
The adder is heavily wounded.
The adder bites you.
* * * LOW HITPOINT WARNING * * *
You closely miss the adder.
The adder is heavily wounded.
The adder misses you. The adder bites you but does no damage.
You barely miss the adder.
The adder is heavily wounded.
The adder barely misses you.
You closely miss the adder.
The adder is heavily wounded.
The adder bites you.
You die...

*,**,,,,,,,,,,******,
*,*#...,.,,>,,,,* *,
*,*#..#.*****,*,****,
*,*#..#.,,,,,,,,,,,,,
*,,....,*****,,,,,***
***#..#******,,,,,***
#..# *,,,,,,,,,,,
#..####.#*,...,***
#@......#*,...,*
#.S#######,#.#**
#.........,#.#
##.#######*#.# #.#
#.# #.#########.#####
#................
###########......
#######


You could see an adder.

Vanquished Creatures
  An orc (D:3)
  A bat (D:3)
  A goblin (D:3)
3 creatures vanquished.

Notes
Turn   | Place    | Note
-------+----------+-------------------------------------------
     0 | D:5      | Lanoc the Gargoyle Delver began the quest for the Orb.
     0 | D:5      | Reached XP level 1. HP: 14/14 MP: 1/1
    71 | D:3      | Noticed an orc wizard
   203 | D:4      | Slain by an adder

Illustrated notes

Levels and vault maps discovered:
D:3:      layout_basic, uniq_grinder
D:4:      layout_loops_ring, kennysheep_little_box, led_xom_imps,
          temple_statues, portal_sewer_entry_e, uniq_eustachio
D:5:      wander_guarded_unrand_ratskin, layout_loops_ring, lemuel_angel_altar

Action                   || total
-------------------------++-------
Melee: Whip              ||    10
  Use: Scroll            ||     1
 Stab: Sleeping          ||     2
Armor: Leather armour    ||     3
Dodge: Dodged            ||     3

Table legend: (Time is in decaauts)
 A = Elapsed time spent in this place.
 B = Non-inter-level travel time spent in this place.
 C = Inter-level travel time spent in this place.
 D = Time resting spent in this place.
 E = Time spent auto-exploring this place.
 F = Levels seen in this place.
 G = Mean time per level.
                   A        B        C        D        E       F      G
               +--------+--------+--------+--------+--------+-----+--------+
         Total |    202 |    202 |      0 |      0 |     50 |   3 |   67.3 |
       Dungeon |    202 |    202 |      0 |      0 |     50 |   3 |   67.3 |
               +--------+--------+--------+--------+--------+-----+--------+

Top non-repeatable levels by time:
     D:3: 150 daAuts
     D:4: 36 daAuts
     D:5: 16 daAuts
